 Dungeon Sprint DCSS version 0.21-a0-41-g5e91fef (webtiles) character file.

863 Kidiri the Arsonist (level 7, -2/32 HPs)
             Began as a Deep Elf Fire Elementalist on June 3, 2017.
             Slain by a neqoxec (12 damage)
             ... in the Dungeon (Sprint II: "The Violet Keep of Menkaure").
             The game lasted 00:03:44 (690 turns).

Kidiri the Arsonist (Deep Elf Fire Elementalist)     Turns: 690, Time: 00:03:45

Health: -2/32      AC:  1    Str:  5      XL:     7   Next: 72%
Magic:  0/19       EV: 16    Int: 21 (22) God:
Gold:   486        SH:  0    Dex: 15      Spells: 11/29 levels left

rFire    . . .     SeeInvis .   (no weapon)
rCold    . . .     Gourm    .   (no shield)
rNeg     . . .     Faith    .   a - +0 robe
rPois    .         Spirit   .   (no helmet)
rElec    .         Reflect  .   (no cloak)
rCorr    .         Harm     .   (no gloves)
MR       .....     NoTele   +   (no boots)
Stlth    +++.......             (no amulet)
Regen    0.1/turn               (no ring)
MPRegen  0.2/turn               (no ring)

@: berserk cooldown, slowed, very slow
A: blurry vision 1, deformed body, frail 1, low mp 2
a: no special abilities


You were in the Dungeon.
You were not hungry.

You visited 1 branch You collected 486 gold pieces.

Inventory:

Armour
 a - a +0 robe (worn)
Scrolls
 i - a scroll of blinking
Potions
 f - a potion of haste
Books
 b - a book of Flames

   Spells                             Type                      Level
   a - Flame Tongue                   Conjuration/Fire             1
   b - Throw Flame                    Conjuration/Fire             2
   c - Conjure Flame                  Conjuration/Fire             3
   d - Inner Flame                    Hexes/Fire                   3
   e - Sticky Flame                   Conjuration/Fire             4
   f - Fireball                       Conjuration/Fire             5
Comestibles
 c - a bread ration
 d - 4 chunks of flesh


   Skills:
 + Level 6.4 Dodging
 + Level 4.6 Stealth
 + Level 0.1 Unarmed Combat
 + Level 11.8 Spellcasting
 + Level 7.4 Conjurations
 + Level 12.5 Fire Magic


You had 11 spell levels left.
You knew the following spells:

 Your Spells              Type           Power        Failure   Level  Hunger
a - Flame Tongue          Conj/Fire      #####        1%          1    None
b - Throw Flame           Conj/Fire      ######       1%          2    None
c - Conjure Flame         Conj/Fire      ######..     1%          3    None
d - Inner Flame           Hex/Fire       #####...     1%          3    None
e - Sticky Flame          Conj/Fire      ######..     1%          4    #......
f - Fireball              Conj/Fire      ######....   2%          5    ####...


Dungeon Overview and Level Annotations

Branches:
Dungeon (1/1)

Altars:

Shops:
D (!

Annotations:
D exclusion: obsidian statue


Innate Abilities, Weirdness & Mutations

Scrolls take you a little longer to read.
Armour fits poorly on your strangely shaped body.
You are frail. (-10% HP)
Your magical capacity is very low. (-20% MP)


Message History

You are too injured to fight recklessly!
Okay, then.
The neqoxec gestures at you.
Strange energies course through your body.
Your body twists and deforms.
There is an open door here.
Unknown command.
The neqoxec gestures.
There's a creature in the doorway!
You completely miss the white imp.
Casting: Flame Tongue
Confirm with . or Enter, or press ? or * to list all spells.
Aiming: Flame Tongue
Press: ? - help, Shift-Dir - straight line, f/p - neqoxec
Aim: a neqoxec (heavily wounded)
The flame tongue hits the neqoxec.
The neqoxec is almost dead.
The walls and floor vibrate strangely for a moment.
The neqoxec hits you!
You die...

##≈≈≈.........#
.#≈≈≈≈.##+##..#
.#≈≈≈≈##...## ##
.#≈≈≈≈#..#..# .#
.#≈≈# ##.).#### .##
∩#≈# ##+###.##..#
.#≈#..###.##...#..#
∩+ #a+.<.+.##+..#
#.a###@####.#....#
# ##3# #.##......≈
#5## ### ≈.....≈
#5## ≈≈≈≈..≈ ##
≈≈§≈§.≈ §≈≈≈§≈≈
§≈≈≈≈≈≈


You could see a neqoxec, a white imp and a shadow imp.

Vanquished Creatures
  A merfolk siren (D)
  3 neqoxecs (D)
  Menkaure (D)
  A worker ant (D)
  3 worms (D)
9 creatures vanquished.

Vanquished Creatures (others)
  A crocodile (D)
1 creature vanquished.

Grand Total: 10 creatures vanquished

Notes
Turn   | Place    | Note
-------+----------+-------------------------------------------
     0 | D        | Kidiri the Deep Elf Fire Elementalist began the quest for the Orb.
     0 | D        | Reached XP level 1. HP: 10/10 MP: 6/6
     6 | D        | Reached skill level 4 in Fire Magic
    32 | D        | Killed a crocodile
   245 | D        | Reached XP level 2. HP: 5/15 MP: 2/8
   260 | D        | Learned a level 2 spell: Throw Flame
   453 | D        | Noticed a neqoxec
   459 | D        | Reached skill level 5 in Fire Magic
   459 | D        | Reached XP level 3. HP: 19/19 MP: 6/11
   465 | D        | Learned a level 3 spell: Conjure Flame
   469 | D        | Learned a level 3 spell: Inner Flame
   501 | D        | Noticed a merfolk siren
   520 | D        | Killed a merfolk siren
   520 | D        | Reached skill level 5 in Dodging
   520 | D        | Reached skill level 5 in Conjurations
   520 | D        | Reached skill level 10 in Fire Magic
   520 | D        | Reached XP level 4. HP: 24/24 MP: 5/17
   520 | D        | Reached XP level 5. HP: 28/28 MP: 5/19
   520 | D        | Reached XP level 6. HP: 32/32 MP: 5/20
   526 | D        | Learned a level 4 spell: Sticky Flame
   532 | D        | Learned a level 5 spell: Fireball
   617 | D        | Noticed an obsidian statue
   619 | D        | Noticed Menkaure
   620 | D        | Found Itavel's Antique Weapon Shoppe.
   620 | D        | Found Vihyetug's Distillery.
   622 | D        | Killed Menkaure
   622 | D        | Reached skill level 10 in Spellcasting
   622 | D        | Reached skill level 11 in Fire Magic
   653 | D        | Noticed a neqoxec
   654 | D        | Noticed a neqoxec
   661 | D        | Killed a neqoxec
   661 | D        | Reached skill level 12 in Fire Magic
   661 | D        | Reached XP level 7. HP: 18/36 MP: 8/23
   663 | D        | Gained mutation: Scrolls take you a little longer to read. [a neqoxec]
   665 | D        | Gained mutation: You are frail. (-10% HP) [a neqoxec]
   666 | D        | Killed a neqoxec
   667 | D        | Gained mutation: Your magical capacity is low. (-10% MP) [a neqoxec]
   674 | D        | Killed a neqoxec
   677 | D        | Noticed a neqoxec
   680 | D        | Gained mutation: Your magical capacity is very low. (-20% MP) [a neqoxec]
   687 | D        | Gained mutation: Armour fits poorly on your strangely shaped body. [a neqoxec]
   690 | D        | Slain by a neqoxec

Vault maps used:
D:        the_violet_keep_of_menkaure

Skill      XL: |  1  2  3  4  5  6  7 |
---------------+----------------------+-----
Fire Magic     | 4 5 10 12 | 12.5
Dodging        | 3 5 6 |  6.4
Stealth        | 3 4 |  4.6
Spellcasting   | 4 9 10 11 | 11.8
Conjurations   | 5 6 7 |  7.4
Unarmed Combat | |  0.1

Action                   |  1- 3 |  4- 6 |  7- 9 || total
-------------------------+-------+-------+-------++-------
Melee: Unarmed           |       |       |    10 ||    10
 Cast: Flame Tongue      |    34 |     7 |    10 ||    51
       Conjure Flame     |     1 |       |       ||     1
       Sticky Flame      |       |     2 |     2 ||     4
  Use: Potion            |     3 |       |     2 ||     5
Armor: Robe              |       |     3 |     3 ||     6
Dodge: Dodged            |     4 |     5 |    11 ||    20
